 Dungeon Crawl Stone Soup version 0.24.0-123-gd5b16e6ec5 (webtiles) character file.

Game seed: 14526264437872496330, levelgen mode: deterministic

79 Peloso the Skirmisher (level 4, 41/41 HPs)
             Began as a Minotaur Fighter on Jan 28, 2020.
             Got out of the dungeon alive.
             The game lasted 00:02:34 (1615 turns).

Peloso the Skirmisher (Minotaur Fighter)            Turns: 1615, Time: 00:02:35

Health: 41/41      AC:  5    Str: 21    XL:     4   Next: 17%
Magic:  3/3        EV:  7    Int:  5    God:
Gold:   66         SH:  9    Dex: 10    Spells: 3/3 levels left

rFire    . . .     SeeInvis .   a - +0 long sword
rCold    . . .     Gourm    .   c - +0 shield
rNeg     . . .     Faith    .   b - +0 scale mail
rPois    .         Spirit   .   (helmet restricted)
rElec    .         Reflect  .   (no cloak)
rCorr    .         Harm     .   h - +0 pair of gloves
MR       .....     Clarity  +   (no boots)
Stlth    ..........             (no amulet)
HPRegen  0.13/turn              (no ring)
MPRegen  0.08/turn              (no ring)

@: no status effects
A: retaliatory headbutt, horns 2, clarity, deformed body, deterioration 1
a: no special abilities


You escaped.
You were not hungry.

You visited 1 branch of the dungeon, and saw 3 of its levels.

You collected 66 gold pieces.

Inventory:

Hand Weapons
 a - a +0 long sword (weapon)
Armour
 b - a +0 scale mail (worn)
 c - a +0 shield (worn)
 h - a +0 pair of gloves (worn)
Scrolls
 e - 4 scrolls of identify {unknown}
 i - a scroll of magic mapping {unknown}
 j - a scroll of enchant armour {unknown}
 k - a scroll of teleportation {unknown}
Potions
 d - a potion of might
Comestibles
 f - 9 rations


   Skills:
 + Level 4.3 Fighting
 + Level 3.7 Long Blades
 + Level 4.2 Armour
 + Level 0.4 Dodging
 + Level 4.1 Shields


You had 3 spell levels left.
You didn't know any spells.
Your spell library was empty.

Dungeon Overview and Level Annotations

Branches:
Dungeon (3/15)

Altars:
Yredelemnul


Innate Abilities, Weirdness & Mutations

You reflexively headbutt those who attack you in melee.
You have a pair of horns on your head.
You possess an exceptional clarity of mind.
Armour fits poorly on your strangely shaped body.
Your body sometimes deteriorates upon taking damage.


Message History

Your thoughts seem clearer.
(D) Dungeon
Where to? (Enter - D:12, ? - help)
What level of the Dungeon? (default 1, ? - help)
You see here a rat skeleton.
You see here 19 stones.
There is a stone staircase leading up here.
You climb upwards.
There is a stone staircase leading down here.
There is a stone staircase leading up here.
You climb upwards.
There is a stone staircase leading down here.
There is a stone staircase leading down here.
You see here a +0 club.
There is an open door here.
There is a staircase leading out of the dungeon here.
Are you sure you want to leave the Dungeon?
This will make you lose the game!
Alright, then stay!
Are you sure you want to leave the Dungeon?
This will make you lose the game!
You have escaped!

#..# #.# #.# #.######
#.## #.# #.# #.# #..
#.# #.#######.#
#.####.# #.#
#.......#.###.....).
#.#
####'####............
#.#
#.......#.##########.
#.# #.8.8.8.#)# #. #.##
###.......#.# #. ...##
#.'.8.@.8.'.# #.
....#######.#.......###
#.
............#.8.8.8.#
##
......#######.......#
.....## ####'#### #####
.รท..## ##.# #....
....# #..# #.### ....#
##.## #.# ....# #..#
##.##


There were no monsters in sight!

Vanquished Creatures
  2 adders (D:2)
  2 oozes
  2 worms (D:2)
  A dart slug (D:2)
  2 bats
  A giant cockroach (D:2)
  7 goblins
  4 hobgoblins
  3 jackals (D:2)
  A ball python (D:2)
  7 frilled lizards
  7 kobolds
  7 rats
46 creatures vanquished.

Notes
Turn   | Place    | Note
-------+----------+-------------------------------------------
     0 | D:1      | Peloso the Minotaur Fighter began the quest for the Orb.
     0 | D:1      | Reached XP level 1. HP: 19/19 MP: 0/0
    49 | D:1      | Reached XP level 2. HP: 27/27 MP: 1/1
   693 | D:2      | Reached XP level 3. HP: 33/33 MP: 2/2
  1232 | D:2      | Reached XP level 4. HP: 36/40 MP: 3/3
  1233 | D:2      | Found a basalt altar of Yredelemnul.
  1539 | D:3      | Gained mutation: Armour fits poorly on your strangely
                  | shaped body. [potion of mutation]
  1539 | D:3      | Gained mutation: Your body sometimes deteriorates upon
                  | taking damage. [potion of mutation]
  1539 | D:3      | Gained mutation: You possess an exceptional clarity of
                  | mind. [potion of mutation]
  1615 | D:$      | Got out of the dungeon alive.

Levels and vault maps discovered:
D:1:      doesnt_arrival_eight_statues, layout_loops_ring
D:2:      layout_basic, yredelemnul_altar_generic
D:3:      layout_basic, lemuel_blue_sif_altar

Skill      XL: |  1  2  3 |
---------------+----------+-----
Armour         | 4 |  4.2
Fighting       | 4 |  4.3
Shields        | 4 |  4.1
Long Blades    | 3 |  3.7
Dodging        | |  0.4

Action                   |  1- 3 |  4- 6 || total
-------------------------+-------+-------++-------
Melee: Long sword        |    83 |     8 ||    91
       Headbutt          |    11 |     4 ||    15
  Use: Potion            |       |     1 ||     1
  Eat: Chunk             |     1 |     1 ||     2
Armor: Scale mail        |    34 |     3 ||    37
Dodge: Dodged            |    28 |       ||    28
Block: Shield            |    40 |     2 ||    42
       Rpst.: Long sword |     8 |       ||     8
